 Dungeon Crawl Stone Soup version 0.23.2-30-g0e89c35649 (webtiles) character file.

Game seed: 13061510191608618528

2473 Dasit the Skirmisher (level 9, -1/47 HPs)
             Began as a Vine Stalker Warper on June 15, 2019.
             Was a Believer of Makhleb.
             Slain by Duvessa
             ... wielding a +0 short sword
              (8 damage)
             ... on level 6 of the Dungeon.
             The game lasted 00:11:18 (5983 turns).

Dasit the Skirmisher (Vine Stalker Warper)          Turns: 5983, Time: 00:11:18

Health: -1/47      AC:  7    Str: 17    XL:     9   Next: 51%
Magic:  0/17       EV: 11    Int: 17    God:    Makhleb [**....]
Gold:   327        SH:  0    Dex: 14    Spells: 13/17 levels left

rFire    . . .     SeeInvis .   u - +9 dagger of Orri {pierce, Int+4}
rCold    . . .     Gourm    .   (no shield)
rNeg     . . .     Faith    .   k - +1 scale mail
rPois    .         Spirit   +   (no helmet)
rElec    .         Reflect  .   w - scarf {repulsion}
rCorr    .         Harm     .   (no gloves)
MR       +....     Clarity  +   (no boots)
Stlth    ..........             (no amulet)
HPRegen  0.55/turn              (no ring)
MPRegen  0.15/turn              (no ring)

@: repel missiles
A: fangs 3, clarity, sense surroundings 1, regeneration 1, magic shield,
antimagic bite, no potion heal 3, rot immunity
a: Minor Destruction, Renounce Religion


You were on level 6 of the Dungeon.
You worshipped Makhleb.
Makhleb was pleased with you.
You were not hungry.

You visited 2 branches of the dungeon, and saw 7 of its levels.
You also visited: Ossuary.

You collected 327 gold pieces.

Inventory:

Hand Weapons
 a - a +1 falchion
 u - the +9 dagger of Orri (weapon) {pierce, Int+4}
   (You found it on level 4 of the Dungeon)

   It inflicts extra damage upon your enemies.
   It affects your intelligence (+4).
Missiles
 e - 4 tomahawks of dispersal
 r - 10 tomahawks (quivered)
 s - 6 poisoned tomahawks
Armour
 b - a +0 leather armour
 k - a +1 scale mail (worn)
 w - a scarf of repulsion (worn)
 x - the +0 robe "Xelexkaj" {rF+ rC+}
   (You found it on level 4 of the Dungeon)

   It protects you from fire.
   It protects you from cold.
Jewellery
 g - an uncursed amulet of harm
Wands
 B - a wand of random effects (10)
Scrolls
 d - 3 scrolls of blinking
 i - a scroll of remove curse
 j - a scroll of teleportation
 t - 2 scrolls of fog
 v - 2 scrolls of amnesia
 y - 2 scrolls of enchant weapon
 A - 2 scrolls of identify
Potions
 c - 6 potions of curing
 h - 4 potions of mutation
 l - 2 potions of agility
 m - a potion of brilliance
 n - a potion of flight {unknown}
 o - 2 potions of haste {unknown}
 p - 3 potions of degeneration {unknown}
 z - 2 potions of ambrosia {unknown}
Comestibles
 f - 9 rations


   Skills:
 * Level 5.1 Fighting
 + Level 3.4(4.4) Short Blades
 + Level 4.3(4.9) Long Blades
 - Level 0.8 Throwing
 + Level 3.5 Armour
 * Level 4.0 Dodging
 * Level 4.8 Spellcasting
 * Level 3.8 Charms
 * Level 4.0 Translocations
 * Level 2.5 Invocations
 * Level 0.4 Evocations


You had 13 spell levels left.
You knew the following spells:

 Your Spells              Type           Power        Failure   Level  Hunger
a - Blink                 Tloc           N/A          13%         2    #......
b - Shroud of Golubria    Chrm/Tloc      ###.......   14%         2    #......

Your spell library contained the following spells:

 Spells                   Type           Power        Failure   Level  Hunger
 Gell's Gravitas          Tloc           ###.......   26%         3    ###....
 Lesser Beckoning         Tloc           ###.......   26%         3    ###....
 Teleport Other           Tloc           ###.....     26%         3    ###....
 Magic Dart               Conj           #...         43%         1    None
 Call Imp                 Summ           #.......     56%         2    #......
 Slow                     Hex            #.......     56%         2    #......
 Passage of Golubria      Tloc           N/A          65%         4    ####...
 Conjure Flame            Conj/Fire      #.......     80%         3    ###....
 Mephitic Cloud           Conj/Pois/Air  #.......     80%         3    ###....


Dungeon Overview and Level Annotations

Branches:
Dungeon (6/15)             Temple (1/1) D:4

Altars:
Cheibriados
Dithmenos
Elyvilon
Fedhas
Gozag
Hepliaklqana
Kikubaaqudgha
Makhleb
Nemelex Xobeh
Okawaru
Qazlal
Sif Muna
Trog
Uskayaw
Vehumet
Wu Jian
Xom
Yredelemnul
Zin

Shops:
D:6 (

Annotations:
D:6 Duvessa


Innate Abilities, Weirdness & Mutations

You have razor-sharp teeth.
Your natural rate of healing is unusually fast.
When hurt, damage is shared between your health and your magic reserves.
Your bite disrupts and absorbs the magic of your enemies.
Potions cannot restore your health.
You are immune to rotting.
You possess an exceptional clarity of mind.
You passively map a small area around you.


Message History

You bite Duvessa. You drain her power.
You feel invigorated.
Duvessa is almost dead.
Duvessa hits you with a +0 short sword. Duvessa hits you with a +0 short sword!
* * * LOW HITPOINT WARNING * * *
You hit Duvessa but do no damage. You bite Duvessa, but do no damage.
Duvessa is almost dead.
Duvessa barely misses you.
You hit Duvessa.
Duvessa is almost dead.
Duvessa completely misses you. Duvessa hits you with a +0 short sword!
* * * LOW HITPOINT WARNING * * *
Throwing (i - inventory. (/) - cycle)
r - 11 tomahawks (quivered)
Press: ? - help, Shift-Dir - straight line, f - Duvessa
Aim: Duvessa, wielding a +0 short sword, wearing a +0 chain mail and carrying a wand of digging (7) (almost dead, berserk, fast, unusually strong)
You throw a tomahawk.
The tomahawk hits Duvessa but does no damage.
Duvessa is almost dead.
Duvessa hits you with a +0 short sword!
You die...

#. , ,, #... #. +... * #( ,
#... #. ,#..., #. *,, ,
#.(.** #.
#......#...########## #.
#......#............# #.
#......#...@e.......# #.
#.....(#.$.....)....# #.
#......######'#.##### #.
#...................# #.
#...................# #.
#...................#######.
#...................#...#..#
##'####.............#...#...
#....#......########...'...


You could see Duvessa (berserk).

Vanquished Creatures
  Pikel (D:6)
  Grinder (D:3)
  Eustachio (D:4)
  Menkaure (D:4)
  An ice beast (D:6)
  2 slaves (D:6)
  An orc warrior (D:5)
  An ogre (D:3)
  3 elf zombies (Ossuary)
  A bullfrog (D:6)
  2 scorpions
  Dowan (D:6)
  2 howler monkeys (D:4)
  A crimson imp (D:6)
  4 orc priests
  2 human zombies (Ossuary)
  A hound (D:5)
  6 orc wizards
  A bullfrog skeleton (D:4)
  A worker ant (D:6)
  4 iguanas
  2 mummies (Ossuary)
  6 adders
  A shadow imp (D:5)
  7 oozes
  2 adder skeletons
  2 adder zombies (Ossuary)
  3 worms
  6 dart slugs
  3 leopard geckos (D:1)
  13 orcs
  5 giant cockroaches
  5 goblins
  6 hobgoblins
  3 jackals (D:1)
  3 quokkas
  7 bats
  6 frilled lizards
  A goblin zombie (Ossuary)
  10 hobgoblin zombies (Ossuary)
  3 jackal zombies (Ossuary)
  4 kobolds
  10 kobold zombies (Ossuary)
  A leopard gecko skeleton (D:4)
  4 orc zombies (Ossuary)
  5 rats
  A rat zombie (Ossuary)
157 creatures vanquished.

Vanquished Creatures (others)
  A hound zombie (D:6)
1 creature vanquished.

Grand Total: 158 creatures vanquished

Notes
Turn   | Place    | Note
-------+----------+-------------------------------------------
     0 | D:1      | Dasit the Vine Stalker Warper began the quest for the Orb.
     0 | D:1      | Reached XP level 1. HP: 11/11 MP: 4/4
   231 | D:1      | Reached XP level 2. HP: 8/15 MP: 4/6
   581 | D:1      | Reached skill level 2 in Fighting
   715 | D:1      | Reached XP level 3. HP: 15/18 MP: 7/7
   917 | D:1      | Learned a level 2 spell: Blink
   920 | D:1      | Learned a level 2 spell: Shroud of Golubria
  1726 | D:2      | Gained mutation: Your natural rate of healing is unusually
                  | fast. [Vine Stalker growth]
  1726 | D:2      | Reached XP level 4. HP: 23/23 MP: 8/8
  1740 | D:2      | Found a basalt altar of Yredelemnul.
  2322 | D:3      | Reached skill level 1 in Armour
  2473 | D:3      | Noticed Grinder
  2492 | D:3      | Killed Grinder
  2492 | D:3      | Reached skill level 3 in Fighting
  2492 | D:3      | Reached skill level 1 in Charms
  2492 | D:3      | Reached XP level 5. HP: 18/28 MP: 8/10
  2492 | D:3      | Reached XP level 6. HP: 21/32 MP: 8/11
  2932 | D:3      | Gained mutation: You passively map a small area around you.
                  | [potion of mutation]
  2932 | D:3      | Gained mutation: You possess an exceptional clarity of
                  | mind. [potion of mutation]
  3180 | D:4      | Noticed Eustachio
  3210 | D:4      | Killed Eustachio
  3210 | D:4      | Reached XP level 7. HP: 18/36 MP: 8/12
  3646 | D:4      | Reached skill level 4 in Fighting
  3650 | D:4      | Got a slimy dagger
  3723 | D:4      | Identified the +9 dagger of Orri {pierce, Int+4} (You found
                  | it on level 4 of the Dungeon)
  4004 | D:4      | Got a silken robe
  4015 | D:4      | Identified the cursed +0 robe "Xelexkaj" {rF+ rC+} (You
                  | found it on level 4 of the Dungeon)
  4143 | D:4      | Noticed Menkaure
  4200 | D:4      | Killed Menkaure
  4200 | D:4      | Gained mutation: You have razor-sharp teeth. [Vine Stalker
                  | growth]
  4200 | D:4      | Reached XP level 8. HP: 29/42 MP: 7/14
  4302 | D:4      | Found a staircase to the Ecumenical Temple.
  4502 | Temple   | Entered the Ecumenical Temple
  4627 | Temple   | Became a worshipper of Makhleb the Destroyer
  4650 | D:5      | Entered Level 5 of the Dungeon
  4691 | D:5      | Found a sand-covered staircase.
  4695 | Ossuary  | Entered an ossuary
  4764 | Ossuary  | Reached * piety under Makhleb
  4804 | Ossuary  | Reached skill level 1 in Short Blades
  4858 | Ossuary  | Reached skill level 1 in Invocations
  5480 | D:6      | Reached XP level 9. HP: 46/46 MP: 16/16
  5493 | D:6      | Found Peseavy's Weapon Shop.
  5536 | D:6      | Noticed Pikel
  5573 | D:6      | Killed Pikel
  5573 | D:6      | Reached skill level 5 in Fighting
  5710 | D:6      | Reached ** piety under Makhleb
  5963 | D:6      | Noticed Duvessa
  5963 | D:6      | Noticed Dowan
  5968 | D:6      | Killed Dowan
  5983 | D:6      | Slain by Duvessa

Skill      XL: |  1  2  3  4  5  6  7  8  9 |
---------------+----------------------------+-----
Long Blades    | 2 3 4 |  4.3
Fighting       | 2 3 4 5 |  5.1
Dodging        | 2 3 4 |  4.0
Armour         | 1 2 3 |  3.5
Spellcasting   | 3 4 |  4.8
Charms         | 1 2 3 |  3.8
Short Blades   | 2 3 |  3.4
Invocations    | 1 2 |  2.5
Translocations | 4 |  4.0
Throwing       | |  0.8
Evocations     | |  0.4

Action                   |  1- 3 |  4- 6 |  7- 9 || total
-------------------------+-------+-------+-------++-------
Melee: Falchion          |    95 |   128 |    57 ||   280
       Bite              |    33 |    33 |   103 ||   169
       Dagger            |       |       |   250 ||   250
Throw: Tomahawk          |       |       |     2 ||     2
 Cast: Shroud of Golubri |       |       |     2 ||     2
  Use: Scroll            |     3 |     4 |     9 ||    16
       Potion            |       |     1 |     1 ||     2
 Stab: Sleeping          |     2 |       |       ||     2
  Eat: Chunk             |     2 |     5 |    10 ||    17
Armor: Leather armour    |    15 |       |       ||    15
       Scale mail        |    15 |    93 |   118 ||   226
Dodge: Dodged            |    54 |    97 |   143 ||   294
       Deflected         |       |       |     3 ||     3
       Rpst.: Falchion   |    13 |    26 |    10 ||    49
